Cogmind - Beta 14 @@@ ROGUE MODE // 2024.11.25 @ 17:48:21 Player: OctagonalPrism Result: Destroyed by XV-TGC(z) with Makeshift Shrapnel Gun Performance ------------- Evolutions (3) 1500 Regions Visited (11) 2200 Robots Destroyed (126) 630 Value Destroyed (3962) 3962 Prototype IDs (32) 640 Alien Tech Used (0) 0 Bonus (1032) 1032 TOTAL SCORE: 9964 Bonus ------- High Alert Combat Kills 234 Follower Combat Kills 457 Aligned with FarCom 300 Met Imprinter 300 Friendly Fire -259 Cogmind --------- Core Integrity 0/700 Matter 124/300 Energy 100/100 System Corruption 5% Temperature Hot (211) Movement Core (50) Location -7/Zion Parts ------- > --- POWER (2) -------- (None) > --- PROPULSION (2) --- Enhanced Flexi-carbon Leg > --- UTILITY (7) ------ Improved Signal Interpreter Armor Integrity Analyzer > --- WEAPON (2) ------- (None) > --- INVENTORY (5) ---- Makeshift Power Source Makeshift Leg High-capacity Matter Pod (85) Improved Terrain Scanner Peak State ------------ > --- POWER ------------ Makeshift Power Source Makeshift Power Source > --- PROPULSION ------- Makeshift Leg Makeshift Leg > --- UTILITY ---------- Large Storage Unit Improved Signal Interpreter Armor Integrity Analyzer Hardened Medium Armor Plating Hardened Medium Armor Plating > --- WEAPON ----------- Latent Energy Streamer Makeshift Hammer > --- INVENTORY -------- Deuterium Engine Light Nuclear Core Makeshift Power Source High-capacity Matter Pod Improved Sensor Array Improved Terrain Scanner Medium Reactive Plating Lightning Gun EM Pulse Cannon Ion Cannon Advanced EMP Blaster Rocket Launcher Rocket Launcher RU-N14's Throwing Claymores Makeshift Hammer [Rating: 49] Favorites ----------- Power Light Nuclear Core Engine Improved Ion Engine Power Core Light Nuclear Core Propulsion Armored Treads Treads Armored Treads Leg Makeshift Leg Wheel Compact Wheel Utility Large Storage Unit Device Improved Shield Generator Storage Large Storage Unit Processor Improved Signal Interpreter Hackware Hacking Suite Protection Weapon Shielding Weapon Gauss Rifle Energy Gun Lightning Gun Energy Cannon Ion Cannon Ballistic Gun Gauss Rifle Launcher Rocket Launcher Special Weapon RU-N14's Throwing Claymores Impact Weapon Heavy Mace Slashing Weapon Mining Claw Piercing Weapon CR-A16's Pointy Stick Build | -11 -10 -10 -9 -9 -9 -8 -8 -7 -7 -7 -7 ------- Run | Yrd Mat Min Mat Min Exi Min Mat Fac Low Low Zio Slots Evolved 6 | . . . 2 . . . 2 2 . . . Power 1 | . . . . . . . . 1 . . . Propulsion . | . . . . . . . . . . . . Utility 5 | . . . 2 . . . 2 1 . . . Weapon . | . . . . . . . . . . . . Parts Attached 144 | 7 4 1 12 1 1 1 23 39 5 . 50 Power 19 | 1 2 . 1 . . . 2 6 1 . 6 Engine 13 | 1 2 . 1 . . . 1 2 1 . 5 Core 6 | . . . . . . . 1 4 . . 1 Reactor . | . . . . . . . . . . . . Propulsion 17 | 2 . . 2 . . . 2 2 . . 9 Treads 8 | 1 . . 2 . . . 1 1 . . 3 Leg 5 | . . . . . . . . . . . 5 Wheel 4 | 1 . . . . . . 1 1 . . 1 Hover . | . . . . . . . . . . . . Flight . | . . . . . . . . . . . . Utility 48 | 2 2 . 3 1 1 1 7 13 3 . 15 Device 18 | 1 2 . 1 . . 1 2 6 2 . 3 Storage 4 | 1 . . 1 . 1 . . . . . 1 Processor 5 | . . . . . . . 1 2 1 . 1 Hackware 1 | . . . . . . . 1 . . . . Protection 20 | . . . 1 1 . . 3 5 . . 10 Artifact . | . . . . . . . . . . . . Weapon 60 | 2 . 1 6 . . . 12 18 1 . 20 Energy Gun 3 | . . . . . . . . . . . 3 Energy Cannon 4 | . . . . . . . 1 . . . 3 Ballistic Gun 26 | 2 . 1 3 . . . 6 10 1 . 3 Ballistic Cannon . | . . . . . . . . . . . . Launcher 11 | . . . 2 . . . 3 3 . . 3 Special Weapon 2 | . . . . . . . . . . . 2 Impact Weapon 10 | . . . . . . . 2 5 . . 3 Slashing Weapon 1 | . . . 1 . . . . . . . . Piercing Weapon 3 | . . . . . . . . . . . 3 Special Melee Weapon . | . . . . . . . . . . . . Unidentified Prototypes 5 | . . . . . . . 2 1 . . 2 Parts Lost 33 | . 1 . . . . 1 4 7 . . 20 Power 8 | . 1 . . . . . . 2 . . 5 Propulsion 4 | . . . . . . . 1 1 . . 2 Utility 12 | . . . . . . 1 1 4 . . 6 Weapon 9 | . . . . . . . 2 . . . 7 Highest Loss Streak 6 | . 1 . . . . 1 1 4 . . 6 To Critical Strikes . | . . . . . . . . . . . . Average Slot Usage (%) 91 | . 94 100 96 100 100 97 91 97 100 100 80 Engine 7 | . 11 14 11 11 11 11 3 5 4 7 9 Core 4 | . . . . . . . 5 8 10 7 2 Treads 7 | . 14 14 11 11 11 11 9 6 7 7 5 Leg 1 | . . . . . . . . . . . 3 Wheel 6 | . 14 14 11 11 11 11 8 7 7 7 3 Device 14 | . 11 14 15 22 22 27 18 13 22 23 8 Storage 7 | . 14 14 14 11 11 11 9 7 7 7 6 Processor 11 | . . . . . . . 3 14 21 23 14 Protection 9 | . . . 10 11 11 2 10 14 1 . 8 Energy Cannon 1 | . . . . . . . 4 2 . . . Ballistic Gun 10 | . 28 28 21 22 22 22 12 9 14 15 2 Launcher 1 | . . . . . . . . . . . 5 Impact Weapon 1 | . . . . . . . 1 2 . . 2 Peak Build Rating 49 | 9 9 13 20 21 22 23 33 44 45 45 49 Average Rating 33 | 5 8 9 17 20 21 22 30 37 43 45 37 On Entrance 23 | . 9 9 13 20 21 22 23 29 41 45 45 Naked Turns . | . . . . . . . . . . . . Heaviest Build 81 | 15 15 15 30 30 40 40 58 72 62 53 81 Greatest Support 48 | 20 20 16 23 20 16 20 16 16 20 12 48 Greatest Overweight (x) 11 | 4 . . 1 1 2 2 3 5 5 4 11 Average Overweight (x) 2 | . . . . 1 1 1 2 3 3 4 3 Largest Inventory Capacity 15 | 8 8 8 10 10 15 15 15 15 15 15 15 Average Capacity 13 | 7 8 8 9 10 11 15 15 15 15 15 14 Most Carried 15 | 3 4 8 9 10 11 11 15 15 15 15 15 Average Carried 12 | 2 3 5 7 9 10 10 13 14 14 15 13 Final Capacity 15 | 8 8 8 10 10 15 15 15 15 15 15 5 Final Carried 15 | 3 4 8 9 10 11 10 15 14 15 15 4 Class Distribution -------------------- 77% | Mutant 11% | Skirmisher 9% | Scavenger-Mutant Dominant Class ---------------- Mutant | -10/Materials Mutant | -10/Mines Mutant | -9/Materials Mutant | -9/Mines Mutant | -9/Exiles Skirmisher | -8/Mines Mutant | -8/Materials Mutant | -7/Factory Skirmisher | -7/Lower Caves Skirmisher | -7/Lower Caves Mutant | -7/Zion Resources | -11 -10 -10 -9 -9 -9 -8 -8 -7 -7 -7 -7 ----------- Run | Yrd Mat Min Mat Min Exi Min Mat Fac Low Low Zio Matter Collected 4254 | 276 221 . 163 114 41 128 674 1221 391 17 1008 Remotely . | . . . . . . . . . . . . Salvage Created 4363 | 156 295 . 207 63 . 84 961 1477 255 . 865 Parts 270 | 11 15 . 17 6 . 1 62 63 16 . 79 Haulers Intercepted 4 | . . . 1 . . . 2 1 . . . Recyclers Shooed 1 | . . . . . . . 1 . . . . Parts Field Recycled . | . . . . . . . . . . . . Retrieved Matter . | . . . . . . . . . . . . Parts Self-Destructed 14 | . . . . . . . . . 14 . . Prevented . | . . . . . . . . . . . . Kills | -11 -10 -10 -9 -9 -9 -8 -8 -7 -7 -7 -7 ------- Run | Yrd Mat Min Mat Min Exi Min Mat Fac Low Low Zio Combat Hostiles Destroyed 80 | . 7 . 7 3 . 3 21 31 5 . 3 Melee 3 | . . . . . . . . 3 . . . Guns 47 | . 7 . 2 3 . 3 6 21 5 . . Cannons 7 | . . . . . . . 5 2 . . . AOE 23 | . . . 5 . . . 10 5 . . 3 Classes Destroyed 16 | 2 1 . 5 1 . . 1 3 . . 3 Worker 2 | . . . . . . . 1 1 . . . Tunneler 4 | 3 . . . . . . . 1 . . . Hauler 4 | . . . 1 . . . 2 1 . . . Recycler 4 | 1 . . . . . . 1 2 . . . Operator 4 | . . . 1 . . . 1 2 . . . Watcher 8 | . . . 1 . . . 5 2 . . . Swarmer 19 | . . . 3 1 . . 7 8 . . . Grunt 36 | . 7 . 3 1 . 2 10 10 3 . . Brawler 2 | . . . . . . . . 1 1 . . Duelist 2 | . . . . 1 . 1 . . . . . Protector 1 | . . . . . . . . 1 . . . Sentry 12 | . . . 1 . . . 4 6 1 . . Programmer 5 | . . . . . . . . 5 . . . Zionite 48 | . . . . . . . . . . . 48 Tinkerer 3 | . . . . . . . . . . . 3 Mutant 3 | . . . . . . . . . . . 3 Best Kill Streak 9 | 4 6 . 8 2 . 2 9 7 3 . 9 Combat Bots Only 7 | . 6 . 6 2 . 2 7 7 3 . 2 Max Kills in Single Turn 3 | 1 1 . 2 1 . 1 3 2 1 . 2 Gunslinging 1 | . . . . . . . . 1 . . . Exploded 2 | . . . 2 . . . 2 2 . . 2 Melee 1 | . . . . . . . . 1 . . . Uniques/NPCs Destroyed . | . . . . . . . . . . . . Combat | -11 -10 -10 -9 -9 -9 -8 -8 -7 -7 -7 -7 -------- Run | Yrd Mat Min Mat Min Exi Min Mat Fac Low Low Zio Hostile Shots Fired 699 | . 40 6 8 11 . 18 88 271 40 . 217 Missed 202 | . 5 4 2 3 . 4 23 79 10 . 72 Damage Taken 6658 | . 458 30 94 104 . 179 667 1690 211 . 3225 Core 932 | . 114 . 31 4 . 9 70 187 25 . 492 Absorbed by Shields 992 | . . . . 24 . 52 260 506 87 . 63 Redirected to Shielding 94 | . . . . . . . . 91 3 . . Ignored by Resistances 119 | . . . . . . . . 76 . . 43 Regen/Repaired (Parts) 665 | . . . . . . . 26 619 . . 20 Core Remaining (%) 82 | 100 . 54 . . . 89 87 . . . . Volleys Fired 412 | 12 20 . 12 9 . 14 77 120 22 . 126 Largest 2 | 2 2 . 2 2 . 2 2 2 2 . 2 Hottest 115 | 40 40 . 44 44 . 44 85 85 53 . 115 Shots Fired 658 | 24 40 . 17 18 . 28 118 211 42 . 160 Gun 508 | 24 40 . 12 18 . 28 71 182 42 . 91 Cannon 78 | . . . . . . . 36 15 . . 27 Launcher 66 | . . . 5 . . . 11 14 . . 36 Special 6 | . . . . . . . . . . . 6 Kinetic 483 | 24 40 . 12 18 . 28 71 182 42 . 66 Thermal 75 | . . . . . . . 36 15 . . 24 Explosive 72 | . . . 5 . . . 11 14 . . 42 Electromagnetic 28 | . . . . . . . . . . . 28 Robot Hit Streak 20 | 5 8 . 11 9 . 7 9 20 14 . 16 Robot Miss Streak 7 | 3 3 . 4 2 . 2 4 5 2 . 7 Penetration Max 1 | . . . . . . . . 1 1 . 1 Secondary Targets 5 | . 2 . . . . . 1 1 . . 1 Max Gunslinging Chain 1 | . 1 . . . . . 1 1 . . 1 Shots Hit Robots 462 | 12 23 . 10 13 . 26 76 146 34 . 122 Core Hits 279 | 5 16 . 17 6 . 12 57 79 12 . 75 Critical Kills 2 | . . . . . . . . 1 1 . . Critical Parts Destroyed 12 | . . . . . . . . 8 . . 4 Critical Strikes 17 | . . . . . . . . 9 1 . 7 Destroy 4 | . . . . . . . . 3 1 . . Corrupt 1 | . . . . . . . . . . . 1 Smash 10 | . . . . . . . . 6 . . 4 Sever 1 | . . . . . . . . . . . 1 Impale 1 | . . . . . . . . . . . 1 Melee Attacks 210 | . . . 2 . . . 3 37 . . 168 Impact 189 | . . . . . . . 3 37 . . 149 Slashing 2 | . . . 2 . . . . . . . . Piercing 19 | . . . . . . . . . . . 19 Sneak Attacks 5 | . . . . . . . . 4 . . 1 Combat Hostiles . | . . . . . . . . . . . . Follow-up Attacks . | . . . . . . . . . . . . Damage Inflicted 13656 | 167 264 . 507 224 . 440 2285 4028 608 . 5133 Guns 6024 | 167 264 . 154 224 . 440 942 2124 608 . 1101 Cannons 1282 | . . . . . . . 597 266 . . 419 Explosions 4327 | . . . 353 . . . 746 985 . . 2243 Melee 1916 | . . . . . . . . 653 . . 1263 Ramming . | . . . . . . . . . . . . Kinetic 5738 | 167 264 . 154 224 . 440 942 2124 608 . 815 Thermal 1519 | . . . . . . . 766 334 . . 419 Explosive 4090 | . . . 353 . . . 577 917 . . 2243 Electromagnetic 286 | . . . . . . . . . . . 286 Impact 1769 | . . . . . . . . 653 . . 1116 Slashing 107 | . . . . . . . . . . . 107 Piercing 147 | . . . . . . . . . . . 147 Highest Corruption 8 | . . . . . . . . 7 7 7 8 Average Corruption 4 | . . . . . . . . 2 7 7 6 Corruption Purged 4 | . . . . . . . . 1 . . 3 Corruption Blocked . | . . . . . . . . . . . . Effects 125 | . . . . . . . . 56 19 14 36 Message Errors 26 | . . . . . . . . 11 5 3 7 Matter Fused 35 | . . . . . . . . 17 5 3 10 Heat Flow Errors 13 | . . . . . . . . 2 3 4 4 Energy Discharges 21 | . . . . . . . . 13 2 . 6 Parts Rejected 2 | . . . . . . . . 1 . . 1 Parts Fused 1 | . . . . . . . . . . . 1 Data Loss (minor) 15 | . . . . . . . . 5 3 3 4 Data Loss (major) 3 | . . . . . . . . 1 . 1 1 Misfires 5 | . . . . . . . . 4 . . 1 Alerts 1 | . . . . . . . . . 1 . . Weapon Failures 3 | . . . . . . . . 2 . . 1 Overload Shots . | . . . . . . . . . . . . Overflow Damage 756 | . . . . . . . 69 359 . . 328 Projectiles 9 | . . . . . . . . 9 . . . Explosions 105 | . . . . . . . 69 . . . 36 Melee 642 | . . . . . . . . 350 . . 292 Knockbacks 8 | . . . . . . . . 2 . . 6 Impact 8 | . . . . . . . . 2 . . 6 Kinetic . | . . . . . . . . . . . . Secondary . | . . . . . . . . . . . . Self-Inflicted Damage 142 | . . . . . . . . 72 . . 70 Shots 4 | . . . . . . . . 1 . . 3 Rammed . | . . . . . . . . . . . . Targets Rammed . | . . . . . . . . . . . . Kicked . | . . . . . . . . . . . . Crushed . | . . . . . . . . . . . . Highest Temperature 311 | . 6 . . . . 13 17 230 175 197 311 Average Temperature 69 | . 2 . . . . 4 6 37 37 78 87 Received Heat Transfer 1447 | . 255 . 39 6 . 109 274 467 88 . 209 Effects 5 | . . . . . . . . . . . 5 Energy Bleed 2 | . . . . . . . . . . . 2 Interference 3 | . . . . . . . . . . . 3 Siege Activations . | . . . . . . . . . . . . Robots Corrupted 7 | . . . . . . . . 4 . . 3 Combat Hostiles . | . . . . . . . . . . . . Parts Fried 15 | . . . . . . . . 12 . . 3 Impact Corruptions 21 | . . . . . . . . 14 . . 7 Robots Melted . | . . . . . . . . . . . . Combat Hostiles . | . . . . . . . . . . . . Parts Melted 3 | . . . . . . . 1 . . . 2 Heat Transferred 2198 | . . . . . . . 1075 457 . . 666 Parts Sabotaged . | . . . . . . . . . . . . Parts Stolen . | . . . . . . . . . . . . Parts Stripped . | . . . . . . . . . . . . Power Chain Reactions 1 | . . . . . . . . . . . 1 Latent Energy Used 323 | . . . . . . . . . . . 323 LE Corruption 7 | . . . . . . . . . . . 7 Alert | -11 -10 -10 -9 -9 -9 -8 -8 -7 -7 -7 -7 ------- Run | Yrd Mat Min Mat Min Exi Min Mat Fac Low Low Zio Peak Influence 839 | 20 187 87 471 209 . 60 434 839 . . . Initial 153 | . 13 72 33 105 . . 23 153 . . . Average 270 | 6 80 84 297 135 . 41 295 316 . . . Maximum Alert Level 3 | . . . 2 1 . . 2 3 . . . Low Security (%) 45 | 100 100 100 24 78 . 100 8 49 . . . Level 1 36 | . . . 43 21 . . 72 28 . . . Level 2 9 | . . . 31 . . . 18 5 . . . Level 3 8 | . . . . . . . . 16 . . . Level 4 . | . . . . . . . . . . . . Level 5 . | . . . . . . . . . . . . High Security . | . . . . . . . . . . . . Max Security . | . . . . . . . . . . . . Squads Dispatched 25 | . 3 . 6 . . . 2 14 . . . Investigation 9 | . 2 . 3 . . . 1 3 . . . Extermination 5 | . . . . . . . . 5 . . . Reinforcement 10 | . 1 . 3 . . . 1 5 . . . Assault 1 | . . . . . . . . 1 . . . Garrison . | . . . . . . . . . . . . Intercept . | . . . . . . . . . . . . Searches Triggered . | . . . . . . . . . . . . Construction Impeded 2 | . . . . . . . . 2 . . . Haulers Reinforced . | . . . . . . . . . . . . Active Scanning Responses . | . . . . . . . . . . . . Cargo Convoy Interrupts . | . . . . . . . . . . . . Stealth | -11 -10 -10 -9 -9 -9 -8 -8 -7 -7 -7 -7 --------- Run | Yrd Mat Min Mat Min Exi Min Mat Fac Low Low Zio Distress Signals 4 | . . . 2 . . . 2 . . . . Communications Jammed . | . . . . . . . . . . . . Distress Signals . | . . . . . . . . . . . . Times Spotted 197 | . 8 2 14 4 . 3 38 50 5 . 73 Peak Tracking Total 8 | . 5 2 7 3 . 3 7 5 3 . 8 Tactical Retreats 14 | . . . 1 1 . . 1 2 . . 9 Traps | -11 -10 -10 -9 -9 -9 -8 -8 -7 -7 -7 -7 ------- Run | Yrd Mat Min Mat Min Exi Min Mat Fac Low Low Zio Traps Triggered 6 | . . . 1 . . . 1 4 . . . Indirectly . | . . . . . . . . . . . . Trap Hack Attempts . | . . . . . . . . . . . . Triggered . | . . . . . . . . . . . . Disarmed . | . . . . . . . . . . . . Reprogrammed . | . . . . . . . . . . . . Reused . | . . . . . . . . . . . . Traps Extracted . | . . . . . . . . . . . . Installed . | . . . . . . . . . . . . Triggered . | . . . . . . . . . . . . Machines | -11 -10 -10 -9 -9 -9 -8 -8 -7 -7 -7 -7 ---------- Run | Yrd Mat Min Mat Min Exi Min Mat Fac Low Low Zio Machines Disabled 19 | . . . . . . . 6 7 . . 6 Max in Single Turn 4 | . . . . . . . 1 4 . . 2 Garrison Access 2 | . . . . . . . . 2 . . . Machines Repaired . | . . . . . . . . . . . . Machines Dismantled . | . . . . . . . . . . . . Machines Sabotaged . | . . . . . . . . . . . . Overloaded Fab Kills . | . . . . . . . . . . . . Hacking | -11 -10 -10 -9 -9 -9 -8 -8 -7 -7 -7 -7 --------- Run | Yrd Mat Min Mat Min Exi Min Mat Fac Low Low Zio Machines Accessed 34 | . 5 1 3 . 3 . 8 14 . . . Terminals 21 | . 5 . 3 . . . 6 7 . . . Fabricators 3 | . . . . . . . . 3 . . . Repair Stations 4 | . . . . . . . 2 2 . . . Recycling Units . | . . . . . . . . . . . . Scanalyzers . | . . . . . . . . . . . . Garrison Access 2 | . . . . . . . . 2 . . . Total Hacks 90 | . 15 1 10 . 3 . 30 31 . . . Successful 52 | . 10 1 3 . 3 . 18 17 . . . Failed 38 | . 5 . 7 . . . 12 14 . . . Catastrophic 6 | . . . 1 . . . . 5 . . . Database Lockouts . | . . . . . . . . . . . . Manual 40 | . 6 . 9 . 1 . 17 6 . . 1 Terminals 63 | . 15 . 10 . . . 24 14 . . . Fabricators 6 | . . . . . . . . 6 . . . Repair Stations 13 | . . . . . . . 6 7 . . . Recycling Units . | . . . . . . . . . . . . Scanalyzers . | . . . . . . . . . . . . Garrison Access 4 | . . . . . . . . 4 . . . Terminal Hacks 26 | . 5 1 2 . 3 . 10 5 . . . Record 2 | . . . . . 2 . . . . . . Robot Analysis 3 | . . . 1 . . . 2 . . . . Prototype ID Bank 2 | . . . 1 . . . 1 . . . . Open Door 1 | . . 1 . . . . . . . . . Branch Access Points 1 | . . . . . . . . 1 . . . Emergency Access Points 2 | . . . . . . . 1 1 . . . Terminal Index 1 | . . . . . . . 1 . . . . Recycling Unit Index 1 | . . . . . . . 1 . . . . Alert Level 3 | . 1 . . . . . 1 1 . . . Locate Traps 1 | . 1 . . . . . . . . . . Maintenance Status 1 | . . . . . . . . 1 . . . Registered Components 1 | . . . . . . . 1 . . . . Zone Layout 6 | . 3 . . . . . 2 1 . . . Derelict Proto ID Bank 1 | . . . . . 1 . . . . . . Fabricator Hacks 3 | . . . . . . . . 3 . . . Network Status 3 | . . . . . . . . 3 . . . Repair Station Hacks 10 | . . . . . . . 3 7 . . . Scan Component 6 | . . . . . . . 2 4 . . . Repair 4 | . . . . . . . 1 3 . . . Recycling Unit Hacks . | . . . . . . . . . . . . Scanalyzer . | . . . . . . . . . . . . Garrison Access Hacks 1 | . . . . . . . . 1 . . . Seal Access 1 | . . . . . . . . 1 . . . Unauthorized Hacks 12 | . 5 . 1 . . . 5 1 . . . Terminals 11 | . 5 . 1 . . . 5 . . . . Track 1 | . 1 . . . . . . . . . . Assimilate 1 | . . . . . . . 1 . . . . Botnet 7 | . 3 . 1 . . . 3 . . . . Disrupt 1 | . . . . . . . 1 . . . . Operators 1 | . 1 . . . . . . . . . . Fabricators 1 | . . . . . . . . 1 . . . Liberate 1 | . . . . . . . . 1 . . . Repair Stations . | . . . . . . . . . . . . Recycling Units . | . . . . . . . . . . . . Scanalyzers . | . . . . . . . . . . . . Garrison Access . | . . . . . . . . . . . . Data Cores Recovered 1 | . . . . . . . . 1 . . . Used . | . . . . . . . . . . . . Hacking Detections 25 | . 5 . 3 . . . 7 10 . . . Full Trace Events 10 | . 2 . 2 . . . 4 2 . . . Feedback Events 1 | . . . . . . . . 1 . . . Corruption 1 | . . . . . . . . 1 . . . Feedback Blocked . | . . . . . . . . . . . . Robot Schematics Acquired 3 | . . . . . . . . . . . 3 Robots Built . | . . . . . . . . . . . . Authchips . | . . . . . . . . . . . . Time . | . . . . . . . . . . . . Total Robot Build Rating . | . . . . . . . . . . . . Part Schematics Acquired 14 | . . . . . . . . . . . 14 Parts Built . | . . . . . . . . . . . . Authchips . | . . . . . . . . . . . . Time . | . . . . . . . . . . . . Total Part Build Rating . | . . . . . . . . . . . . Parts Repaired 4 | . . . . . . . 1 3 . . . Time 161 | . . . . . . . 19 142 . . . Parts Recycled . | . . . . . . . . . . . . Recycled Matter . | . . . . . . . . . . . . Retrieved Matter . | . . . . . . . . . . . . Retrieved Components . | . . . . . . . . . . . . Parts Scanalyzed . | . . . . . . . . . . . . Part Schematics Acquired . | . . . . . . . . . . . . Parts Damaged . | . . . . . . . . . . . . Bothacking | -11 -10 -10 -9 -9 -9 -8 -8 -7 -7 -7 -7 ------------ Run | Yrd Mat Min Mat Min Exi Min Mat Fac Low Low Zio Used RIF Installer . | . . . . . . . . . . . . Robots Hacked . | . . . . . . . . . . . . Non-combat . | . . . . . . . . . . . . Combat . | . . . . . . . . . . . . Robot Hacks Applied . | . . . . . . . . . . . . Relay Couplers Released 1 | . . . . . . . . 1 . . . Machine Destruction 1 | . . . . . . . . 1 . . . Fabnet Peak Effective % . | . . . . . . . . . . . . Robots Rewired . | . . . . . . . . . . . . Allies Hacked . | . . . . . . . . . . . . Hacks Repelled . | . . . . . . . . . . . . Allies | -11 -10 -10 -9 -9 -9 -8 -8 -7 -7 -7 -7 -------- Run | Yrd Mat Min Mat Min Exi Min Mat Fac Low Low Zio Total Allies 7 | . . 3 . . . . . 2 . . 2 Largest Group 3 | . . 3 3 1 1 1 . 2 . . 2 Highest-Rated Group 192 | . . 40 40 16 16 16 . 64 . . 192 Highest-Rated Ally 96 | . . 16 16 16 16 16 . 32 . . 96 Total Orders . | . . . . . . . . . . . . Ally Attacks 173 | . . . 32 . . 1 . 21 . . 119 Total Damage 4939 | . . . 355 . . 17 . 724 . . 3843 Kills 46 | . . . 9 . . . . 9 . . 28 Allies Corrupted . | . . . . . . . . . . . . Allies Melted . | . . . . . . . . . . . . Intel | -11 -10 -10 -9 -9 -9 -8 -8 -7 -7 -7 -7 ------- Run | Yrd Mat Min Mat Min Exi Min Mat Fac Low Low Zio Robot Analysis Total 3 | . . . 1 . . . 2 . . . . Derelict Logs Recovered 4 | . . 1 . 1 . . . . 1 1 . Drone Launches . | . . . . . . . . . . . . Drone Recoveries . | . . . . . . . . . . . . Exploration | -11 -10 -10 -9 -9 -9 -8 -8 -7 -7 -7 -7 ------------- Run | Yrd Mat Min Mat Min Exi Min Mat Fac Low Low Zio Turns Passed 11599 | 118 233 284 402 298 368 155 1603 3290 536 558 3754 Spaces Moved 6247 | 62 146 271 232 203 306 68 826 1732 308 292 1801 Core 287 | 17 . . . . . . . . . . 270 Treads 285 | 11 19 . 53 19 . 10 . . 1 . 172 Legs 395 | . . . . . . . . . . . 395 Wheels 5280 | 34 127 271 179 184 306 58 826 1732 307 292 964 Hover . | . . . . . . . . . . . . Flight . | . . . . . . . . . . . . Fastest Speed 50 | 50 100 100 100 115 115 130 130 135 135 150 50 Average Speed 145 | 106 107 100 142 127 118 147 144 148 146 150 158 Slowest Speed 600 | 250 160 100 250 250 130 250 145 165 330 150 600 Overloaded Moves . | . . . . . . . . . . . . Propulsion Burnouts . | . . . . . . . . . . . . Robots Hopped . | . . . . . . . . . . . . Cave-ins Triggered . | . . . . . . . . . . . . Exploration Rate (%) 47 | 4 35 57 29 43 72 23 63 50 46 60 88 Regions Visited 11 Branch Regions 7 Pre-discovered Areas 3 | . . . . . 1 . . . . . 2 Known Exits Taken 5 | . . . . . . 1 1 1 1 1 . Unknown Exits Taken 6 | 1 1 1 1 1 1 . . . . . . Scrap Searched 6 | . . 3 . . . . . . 1 . 2 Spaces Dug 38 | . . . 1 . . . 3 25 . . 9 Terrain Destroyed 166 | . . . 21 . . . 20 47 2 . 76 Melee 24 | . . . 1 . . . 3 13 . . 7 Projectile 6 | . . . . . . . 1 2 2 . 1 AOE 136 | . . . 20 . . . 16 32 . . 68 Terrain Rammed . | . . . . . . . . . . . . Walls Destroyed . | . . . . . . . . . . . . Machines Disabled . | . . . . . . . . . . . . Actions | -11 -10 -10 -9 -9 -9 -8 -8 -7 -7 -7 -7 --------- Run | Yrd Mat Min Mat Min Exi Min Mat Fac Low Low Zio Total 7809 | 86 180 285 280 223 311 94 1118 2194 356 412 2270 Wait 686 | 3 10 7 11 10 1 12 165 236 20 121 90 Move 6236 | 61 145 270 231 202 305 67 825 1731 307 291 1801 Hop . | . . . . . . . . . . . . Pick Up 51 | 3 . 5 4 1 2 . 11 8 1 . 16 Fast Attach 63 | 7 1 . 3 1 . . 7 14 . . 30 Attach 19 | . 1 . 1 . . 1 5 3 . . 8 Detach 10 | . 1 . 2 . . . 4 1 . . 2 Swap 64 | . 2 1 8 . 1 . 13 22 5 . 12 Drop 50 | . . 2 6 . 2 . 8 14 1 . 17 Fire 412 | 12 20 . 12 9 . 14 77 120 22 . 126 Melee 210 | . . . 2 . . . 3 37 . . 168 Ram . | . . . . . . . . . . . . Kick . | . . . . . . . . . . . . Crush . | . . . . . . . . . . . . Escape Stasis 8 | . . . . . . . . 8 . . . Rewire . | . . . . . . . . . . . . Trap . | . . . . . . . . . . . . Miscellaneous . | . . . . . . . . . . . . Route ------- -11/Scrapyard -10/Materials -10/Mines -9/Materials (discovered 2 exits: Mat / [*Min]) -9/Mines -9/Exiles -8/Mines -8/Materials -7/Factory (discovered 6 exits: *Fac x3 / *Sto / *Low x2) -7/Lower Caves -7/Lower Caves (discovered 2 exits: *Fac / *Zio) -7/Zion History --------- Turn | Location | Event 20 | -11/Scrapyard | Discovered new exit (range 15) 119 | -11/Scrapyard | Entered Materials 325 | -10/Materials | Build established: Mutant 343 | -10/Materials | Discovered new exit (range 6) 352 | -10/Materials | Entered Mines 385 | -10/Mines | YI-UF0 nonchalantly dropped a Grenade Launcher on the ground 411 | -10/Mines | Learned 8 Materials zone layouts 466 | -10/Mines | Found the Drone Emporium 599 | -10/Mines | A weapon hastily lodged in a ceiling crevice suddenly fell to the ground 613 | -10/Mines | Discovered new exit (range 15) 633 | -10/Mines | Assisted by bots powering up and referring to "LRC-V3" 636 | -10/Mines | Entered Materials 636 | -9/Materials | Accompanied by 3 allies 636 | -9/Materials | Evolved 2 slots: Utility x2 637 | -9/Materials | Identified exit to Materials 983 | -9/Materials | Discovered new exit (range 15) 1038 | -9/Materials | Entered Mines 1038 | -9/Mines | Accompanied by 1 ally 1049 | -9/Mines | Learned 4 Materials zone layouts 1137 | -9/Mines | Found a hidden stash of uninstalled traps 1313 | -9/Mines | Discovered new exit (range 13) 1327 | -9/Mines | Deemed a non-threat by the Exiles lab entrance 1336 | -9/Mines | Entered Exiles 1336 | -9/Exiles | Accompanied by 1 ally 1363 | -9/Exiles | Met 8R-AWN 1384 | -9/Exiles | Met EX-HEX 1415 | -9/Exiles | Met EX-BIN 1431 | -9/Exiles | Aligned with FarCom system 1432 | -9/Exiles | Given EX-Vault access code 1460 | -9/Exiles | Opened EX-Vault 1468 | -9/Exiles | Found Latent Energy Streamer 1513 | -9/Exiles | Warned to stay clear of 0b10 Research branches 1548 | -9/Exiles | Met EX-DEC 1553 | -9/Exiles | Learned location of Zion (-7) 1692 | -9/Exiles | Discovered new exit (range 10) 1704 | -9/Exiles | Left Exiles lab with Latent Energy Streamer 1704 | -9/Exiles | Entered Mines 1704 | -8/Mines | Accompanied by 1 ally 1851 | -8/Mines | Discovered exit to Materials (range 6) 1859 | -8/Mines | Entered Materials 1859 | -8/Materials | Evolved 2 slots: Utility x2 2025 | -8/Materials | Destroyed 7 combat bots 2328 | -8/Materials | Repaired Hardlight Generator 3430 | -8/Materials | Discovered new exit (range 12) 3461 | -8/Materials | Identified exit to Factory 3462 | -8/Materials | Entered Factory 3462 | -7/Factory | Evolved 2 slots: Power x1, Utility x1 3594 | -7/Factory | Discovered new exit (range 12) 3613 | -7/Factory | Identified exit to Storage 4089 | -7/Factory | Discovered new exit (range 6) 4095 | -7/Factory | Identified exit to Factory 4291 | -7/Factory | Discovered exit to Factory (range 4) 5555 | -7/Factory | Discovered exit to Factory (range 15) 6095 | -7/Factory | Lost 4 parts (1p3u) 6254 | -7/Factory | Destroyed 7 combat bots 6294 | -7/Factory | Identified exit to Lower Caves 6561 | -7/Factory | Repaired Med. Reactive Plating? 6651 | -7/Factory | Repaired Arm. Treads 6712 | -7/Factory | Repaired Enh. Autogun 6752 | -7/Factory | Entered Lower Caves 6999 | -7/Lower Caves | Attracted the attention of an 0b10 checkpoint 7109 | -7/Lower Caves | Build established: Skirmisher 7134 | -7/Lower Caves | Encountered a Warlord checkpoint 7146 | -7/Lower Caves | Identified exit to Lower Caves 7288 | -7/Lower Caves | Entered another Lower Caves area 7288 | -7/Lower Caves | Discovered exit to Factory (range 12) 7756 | -7/Lower Caves | Learned Factory emergency access door positions 7830 | -7/Lower Caves | Encountered a Warlord checkpoint 7837 | -7/Lower Caves | Discovered new exit (range 8) 7844 | -7/Lower Caves | Identified exit to Zion 7846 | -7/Lower Caves | Entered Zion 7965 | -7/Zion | Given A8's code to call for help 8014 | -7/Zion | System corruption cleaned by Quarantine Array 8081 | -7/Zion | Given the Hacking Drone Bay 8218 | -7/Zion | Found Unknown Piercing Weapon 8363 | -7/Zion | Learned location of Data Miner (-6) 8407 | -7/Zion | Build established: Mutant 8979 | -7/Zion | Rebuked by Imprinter 9082 | -7/Zion | Enhanced Grunt warped into view, answering call for help 9086 | -7/Zion | Enhanced Grunt warped into view, answering call for help 9214 | -7/Zion | Attacked by Zionites 9599 | -7/Zion | Core integrity fell below 50% 9969 | -7/Zion | Lost 6 parts (1p1n2u2w) 10015 | -7/Zion | Identified CR-A16's Pointy Stick 10167 | -7/Zion | Found Prototype Special Weapon 10167 | -7/Zion | Identified RU-N14's Throwing Claymores 10463 | -7/Zion | Build established: Scavenger-Mutant 11305 | -7/Zion | Lost 3 parts (2p1w) 11451 | -7/Zion | Spotted 7G-I64(B) 11544 | -7/Zion | Core integrity fell below 20% 11585 | -7/Zion | Lost 5 parts (1p1n1u2w) 11600 | -7/Zion | Destroyed by XV-TGC(z) with Makeshift Shrapnel Gun Last Messages --------------- Twisted Machinery. 11542_ CK-2KW(z) destroyed. 11542_ 6T-YZ0(z) destroyed. 11542_ Destroyed Mak. Spear. 11543_ Mak. Kinetic Plating destroyed. 11545_ RU-N14's Throwing Claymores expended. 11545_ W0-AV1(z) destroyed. 11545_ 4F-I9U(z) pulls a Mak. Axe out of the Twisted Machinery. 11547_ Adv. Heat Sink severed. 11547_ Critical hit (Impale). 11553_ Ion Cannon destroyed. 11553_ Mak. Leg destroyed. 11554_ Mak. Power Source destroyed. 11555_ System corrupted: Matter fused (-8). 11571_ Acquired 28 matter. 11592_ Acquired 14 matter. 11596_ XV-TGC(z) pulls a Mak. Shrapnel Gun out of the Twisted Machinery. 11598_ System corrupted: Heat flow error (+279). Map ----- +----------------------------------------------------+ | ??????????????????????#" """ [""##?#??# | | ??????????????????????##" " "[[""#"#????? | | #??????????????????????## """###???## | | #??????????????????????#""" """##??#?# | | #??????????????????????##""" %= ""#"####?# | | ???????????????????????##" = """#"#"### | | ???????????????????????#"" * ! " """"" | | ##?????????????????????#"" | | #????????????????????#"#" """ | | ##????????????????????#?#" " ""#" " " | | #???????????????????????#""" " """"" ### | | #???????????????????????#""" " """" "### | | #??????????????????????##""" " """" ""## | | #?????????????????????##""" " ! ""#### | | #?????????????????????#""" "" =* / """#??# | | ??????????????????????#"" #"" *="""" ""##??? | | ??????????????????????#"" """ """" "##???? | | ??????????????????????#"" """ """ ""#???? | | ?????????#????????????#""" """ """ """#??? | | ?????####"#####?###??#"""" " " """#??? | | ?#####"#"#""""###"###?##"" """ """""#??? | | ##""""""""""""""""""#??#"" """ "#"#"#??? | | #""" """ """"""""""####"" " """ """""##?? | | " "" " " ""#"#"= "" """#?? | | " """"" [ "" ""#?? | | / ! * % z @ # ""#??? | | ! * / """"???? | | =!= " ""#"#???? | | """ = " """" "" """#????? | | """" *% % "" """ "" ""#????? | | " " # ! ## # "" """ """"""#????? | | "" # # " /% "" """""""""???? | | "" """ """ """""""#"##??? | | """" """ "" """"""""""#??? | | """" """ "" """" "##???? | | """"""" # # """ """#"" ""#???? | | #""#"" ## ## """""""""" """" """"??? | | ""##"" """""""" """""" """"??? | | """""" """" ""##"" "##??? | | """" """"" "###"" "#???? | | """""" """""""""" ""##"" "#???? | | """"" """"""###"""""#"" ""#??? | | ""#" """#####?#"######"" """ ""#??? | | """"""" ""##" """"#?????###?????""""""""""???? | | #"""""""""##"" """##???????????????""#"#""#???? | | ##"####"####""""""""##????????????????#"#????????? | | ?##???###??##""""""#"????????????????????????????? | | ????????????###"##???????????????????????????????? | | ?????????????????????????????????????????????????? | | ?????????????????????????????????????????????????? | +----------------------------------------------------+ Best States ------------- Heat Dissipation 56 Energy Generation 27 Energy Capacity 480 Matter Stores 300 Matter Capacity 300 Sight Range 16 Robot Scan Range 15 Terrain Scan Range 16 Terrain Scan Density 110 Armor Coverage 600 Resistance: KI 30 Propulsion Shielding 33 Weapon Shielding 33 Evasion (%) 55 Targeting Accuracy 8 Armor Integrity Analysis 30 Recoil Reduction 2 Offensive Hacking 10 Item Schematics ----------------- Force Field | -7/Zion | Archive System Restoration Module | -7/Zion | Archive Lance | -7/Zion | Archive Hvy. Phase Cannon | -7/Zion | Archive Chainsword | -7/Zion | Archive Lgt. Angular Momentum Engine | -7/Zion | Archive Powered Hammer | -7/Zion | Archive Drone Bay | -7/Zion | Archive Arc Projector | -7/Zion | Archive Greatsword | -7/Zion | Archive Focal Shield | -7/Zion | Archive Gatling Laser | -7/Zion | Archive Adv. Terrain Scan Processor | -7/Zion | Archive HERF Cannon | -7/Zion | Archive Robot Schematics ------------------ A-02 Transporter | -7/Zion | Archive D-53 Grenadier | -7/Zion | Archive M-14 Sweeper | -7/Zion | Archive Fabricated ------------ Nothing Alien Tech Used ----------------- None Achievements -------------- None Challenges ------------ None Game ------ Seed DecoderPersonalLegs Manual? 0 Play Time 01:55:03 Cumulative 193.4 hours Start 2024.11.25 @ 15:39:46 End 2024.11.25 @ 17:48:21 Sessions 1 Manual Loads 0 Difficulty Rogue Special Mode None Game No. 153 Rogue 153 Adventurer 0 Explorer 0 Win Type - Total 4 Types 2/0/1/1/0/0/0/0/0 Lore% 64 Gallery% 69 Achievement% 53 Wizard Run 0 Options --------- Layout 2 ASCII 0 Keyboard 0 Movement Numpad Keybinds 0 Fullscreen 1 Font 16/Terminus Map View 55x47 Zoom Use 0% Tactical HUD 1 Map Filters NONE Filters NONE Steam 1 RUN: 1d9f740c-9e80-4d46-b0bc-b5c8268422e6